 Dungeon Crawl Stone Soup version 0.30-a0-394-g3e4acdb0ae (webtiles) character file.

Game seed: 16130014554945600911

16 cforsyth the Trooper (level 2, -2/27 HPs)
             Began as a Hill Orc Fighter on Dec 7, 2022.
             Succumbed to a goblin's poison
             ... on level 1 of the Dungeon.
             The game lasted 00:00:45 (368 turns).

cforsyth the Trooper (Hill Orc Fighter)              Turns: 368, Time: 00:00:46

Health: -2/27      AC:  6    Str: 18    XL:     2   Next: 58%
Magic:  2/2        EV:  9    Int:  8    God:
Gold:   28         SH:  4    Dex: 10    Spells: 1/1 levels left

rFire   . . .      SeeInvis .    a - +0 war axe
rCold   . . .      Faith    .    c - +0 buckler
rNeg    . . .      Spirit   .    b - +0 scale mail
rPois   .          Reflect  .    (no helmet)
rElec   .          Harm     .    (no cloak)
rCorr   .          Rampage  .    (no gloves)
Will    .....                    (no boots)
Stlth   ..........               (no amulet)
HPRegen 0.24/turn                (no ring)
MPRegen 0.08/turn                (no ring)

@: lethally poisoned (-2 -> -17)
A: no striking features
a: no special abilities


You were on level 1 of the Dungeon.
You visited 1 branch of the dungeon, and saw 1 of its levels.

You collected 28 gold pieces.

Inventory:

Hand Weapons
 a - a +0 war axe (weapon)
Armour
 b - a +0 scale mail (worn)
 c - a +0 buckler (worn)
Scrolls
 f - a scroll of fog {unknown}
Potions
 d - a potion of might
 e - a potion of degeneration {unknown}
 g - a potion of flight {unknown}


   Skills:
 + Level 4.0 Fighting
 + Level 3.3 Axes
 + Level 3.6 Armour
 - Level 3.2 Shields


You had one spell level left.
You didn't know any spells.
Your spell library was empty.

Dungeon Overview and Level Annotations

Branches:
Dungeon (1/15)

Altars:


Message History

You now have 18 gold pieces (gained 9).
You open the door.
A rat comes into view.
There is an open door here.
You slash the rat!
You kill the rat!
Your Fighting skill increases to level 4!
You see here a rat corpse.
You see here a rat corpse.
There is an open door here.
Found a stone staircase leading down.
You now have 28 gold pieces (gained 10).
There is a stone staircase leading down here.
g - a yellow potion A goblin comes into view.
It is wielding a +0 dagger of venom.
The goblin shouts!
A goblin is nearby!
The goblin hits you but does no damage.
You are poisoned.
You completely miss the goblin.
You feel very sick.
The goblin hits you with a +0 dagger of venom.
You are more poisoned.
You closely miss the goblin.
You feel very sick. You block the goblin's attack.
The goblin hits you but does no damage.
You are lethally poisoned!
You closely miss the goblin.
You feel extremely sick. The goblin hits you but does no damage.
You are more poisoned.
You hit the goblin.
You kill the goblin!
* * * LOW HITPOINT WARNING * * *
You feel extremely sick.
* * * LOW HITPOINT WARNING * * *
You feel very sick.
Things that are here:
a +0 dagger of venom; a goblin corpse You die...

######................))..)
###.....###......#......
#....##..##.............
#....###..+.....#.†..##.
#........##..........##.
+....................##†
#........########....##.
#......).# #....##.
........@.# #....##.
#.#........# #....###
#..####....# #....# ..
####.# #....# ##


There were no monsters in sight!

Vanquished Creatures
  A dart slug (D:1)
  3 bats (D:1)
  An endoplasm (D:1)
  2 goblins (D:1)
  2 hobgoblins (D:1)
  A ball python (D:1)
  A frilled lizard (D:1)
  A kobold (D:1)
  3 rats (D:1)
15 creatures vanquished.

Notes
Turn   | Place    | Note
-------+----------+-------------------------------------------
     0 | D:1      | cforsyth the Hill Orc Fighter began the quest for the Orb.
     0 | D:1      | Reached XP level 1. HP: 19/19 MP: 1/1
   108 | D:1      | Reached XP level 2. HP: 27/27 MP: 2/2
   259 | D:1      | Reached skill level 4 in Fighting
   367 | D:1      | HP: 1/27 [poisoned by a goblin]
   368 | D:1      | Succumbed to a goblin's poison

Illustrated notes

Levels and vault maps discovered:
D:1:      evilmike_arrival_crescent, layout_basic,
          shapermc_ecumenical_altar_hornbeckon

Skill      XL: |  1  2 |
---------------+-------+-----
Axes           | 3 |  3.3
Fighting       | 4 |  4.0
Armour         | |  3.6
Shields        | |  3.2

Action                   || total
-------------------------++-------
Melee: War axe           ||    38
Armor: Scale mail        ||    27
Dodge: Dodged            ||    15
Block: Buckler           ||    12

Table legend: (Time is in decaauts)
 A = Elapsed time spent in this place.
 B = Non-inter-level travel time spent in this place.
 C = Inter-level travel time spent in this place.
 D = Time resting spent in this place.
 E = Time spent auto-exploring this place.
 F = Levels seen in this place.
 G = Mean time per level.
                   A        B        C        D        E       F      G
               +--------+--------+--------+--------+--------+-----+--------+
         Total |    382 |    382 |      0 |      0 |    258 |   1 |  382.0 |
       Dungeon |    382 |    382 |      0 |      0 |    258 |   1 |  382.0 |
               +--------+--------+--------+--------+--------+-----+--------+

Top non-repeatable levels by time:
     D:1: 382 daAuts
